 Dungeon Crawl Stone Soup version 0.20.1-1-g8b1a95d (webtiles) character file.

53 sprush the Chiller (level 3, 0/25 HPs)
             Began as a Barachi Ice Elementalist on Oct 30, 2017.
             Slain by a crimson imp (2 damage)
             ... summoned by Natasha
             ... on level 2 of the Dungeon.
             The game lasted 00:17:33 (1188 turns).

sprush the Chiller (Barachi Ice Elementalist)       Turns: 1188, Time: 00:17:34

Health: 0/25       AC:  4    Str:  9    XL:     3   Next: 89%
Magic:  6/7        EV: 12    Int: 16    God:
Gold:   44         SH:  0    Dex: 12    Spells: 4/7 levels left

rFire    . . .     SeeInvis .   n - +2 whip (elec)
rCold    . . .     Gourm    .   (no shield)
rNeg     . . .     Faith    .   g - +0 leather armour
rPois    .         Spirit   .   r - +0 helmet
rElec    .         Reflect  .   (no cloak)
rCorr    .         Harm     .   (no gloves)
MR       .....                  (no boots)
Stlth    ++........             (no amulet)
Regen    0.1/turn               (no ring)
MPRegen  0.1/turn               (no ring)

@: can't hop, slowed, very slow
A: +LOS, swims, slowness 1, strong legs 1
a: Hop


You were on level 2 of the Dungeon.
You were not hungry.

You visited 1 branch of the dungeon, and saw 2 of its levels.

You collected 44 gold pieces.

Inventory:

Hand Weapons
 f - a +0 hunting sling
 k - a +0 dagger
 n - a +2 whip of electrocution (weapon)
Missiles
 d - 22 stones (quivered)
 e - 5 tomahawks of returning
 h - 7 poisoned needles
 m - 8 bolts
 q - 18 arrows
 x - 21 sling bullets
Armour
 a - a +0 robe
 g - a +0 leather armour (worn)
 r - a +0 helmet (worn)
Scrolls
 j - 2 scrolls of identify
 p - a scroll of enchant armour
 u - a scroll of random uselessness {unknown}
 v - a scroll of blinking {unknown}
Potions
 o - a potion of ambrosia {unknown}
 s - a potion of haste {unknown}
 A - a potion of heal wounds {unknown}
Books
 b - a book of Frost

   Spells                             Type                      Level
   a - Freeze                         Ice                          1
   b - Throw Frost                    Conjuration/Ice              2
   c - Ozocubu's Armour               Charms/Ice                   3
   d - Throw Icicle                   Conjuration/Ice              4
   e - Summon Ice Beast               Ice/Summoning                4
Comestibles
 c - 2 bread rations
 i - a royal jelly
 w - a meat ration
 z - 4 fruits


   Skills:
 + Level 0.5 Fighting
 - Level 0.2 Slings
 + Level 0.8 Armour
 + Level 2.5 Dodging
 - Level 2.0 Stealth
 + Level 2.8 Spellcasting
 + Level 1.1 Conjurations
 + Level 4.4 Ice Magic


You had 4 spell levels left.
You knew the following spells:

 Your Spells              Type           Power        Failure   Level  Hunger
a - Freeze                Ice            ###.         4%          1    #......
b - Throw Frost           Conj/Ice       ##....       13%         2    ##.....


Dungeon Overview and Level Annotations

Branches:
Dungeon (2/15)

Altars:

Annotations:
D:2 Natasha, Sigmund


Innate Abilities, Weirdness & Mutations

Shadows flee at your approach. (+LOS)
You can swim through water.
You cover ground slowly.
You can hop short distances.


Message History

The white imp gestures at you. The puff of frost misses you.
A rat comes into view.
Found 20 arrows.
Natasha casts a spell at you. The magic dart hits you!
* * * LOW HITPOINT WARNING * * *
Natasha casts a spell.
As you read the scroll labeled ITISKU HUMY, it crumbles to dust.
You hear a loud clanging noise!
It was a scroll of noise.
Natasha casts a spell at you.
You feel yourself slow down.
As you read the scroll labeled ULEMUSIQINT, it crumbles to dust.
It is a scroll of identify.
p - a scroll of enchant armour The white imp disappears in a puff of smoke!
Natasha casts a spell.
The crimson imp hits you.
You die...

#.# #.# #######.##.#
#......s...#
#######.########5########
.((..(.......(..ยง........
#######(....s$.h5........
#.########5####### #.# #@#
..(.......r# .#(#######..#
.#(. (..# # #(# ##.## ..#
#. # #. #. # #.


You could see an iron imp, Natasha, a crimson imp, a shadow imp and a rat.

Vanquished Creatures
  Natasha (D:2)
  An adder (D:2)
  A goblin (D:2)
  3 hobgoblins
  3 bats
  2 frilled lizards
  5 kobolds
  6 rats
22 creatures vanquished.

Notes
Turn   | Place    | Note
-------+----------+-------------------------------------------
     0 | D:1      | sprush the Barachi Ice Elementalist began the quest for the Orb.
     0 | D:1      | Reached XP level 1. HP: 13/13 MP: 3/3
   368 | D:1      | Reached XP level 2. HP: 19/19 MP: 3/5
   641 | D:2      | Found a faded altar of an unknown god.
   668 | D:2      | Learned a level 2 spell: Throw Frost
   722 | D:2      | Reached skill level 4 in Ice Magic
   833 | D:2      | Noticed Sigmund
  1012 | D:2      | Noticed Natasha
  1021 | D:2      | Killed Natasha
  1021 | D:2      | Reached XP level 3. HP: 25/25 MP: 0/7
  1167 | D:2      | Noticed Natasha
  1188 | D:2      | Slain by a crimson imp

Skill      XL: |  1  2 |
---------------+-------+-----
Stealth        | 2 |  2.0
Ice Magic      | 4 |  4.4
Fighting       | |  0.5
Slings         | |  0.2
Armour         | |  0.8
Dodging        | |  2.5
Spellcasting   | |  2.8
Conjurations   | |  1.1

Action                   || total
-------------------------++-------
Melee: Hunting sling     ||     1
       Whip              ||     8
 Fire: Hunting sling     ||    58
Throw: Stone             ||     9
 Cast: Freeze            ||    15
       Throw Frost       ||     7
 Abil: Hop               ||     3
  Use: Scroll            ||     2
  Eat: Chunk             ||     2
Armor: Leather armour    ||    13
Dodge: Dodged            ||    23
